 Dungeon Crawl Stone Soup version 0.29.0-4-gdea44cf6ec (webtiles) character file.

Game seed: 3597641353730528970

292 qw the Chopper (level 6, -2/47 HPs)
             Began as a Formicid Cinder Acolyte on Sept 4, 2022.
             Was a High Priest of Ignis.
             Slain by Edmund
             ... wielding a +0 dire flail of protection
              (7 damage)
             ... on level 4 of the Dungeon.
             The game lasted 00:01:30 (4293 turns).

qw the Chopper (Formicid Cinder Acolyte)            Turns: 4293, Time: 00:01:31

Health: -2/47      AC: 19    Str: 20    XL:     6   Next: 59%
Magic:  7/7        EV:  5    Int: 14    God:    Ignis [*****.]
Gold:   63         SH:  4    Dex:  9    Spells: 7/7 levels left

rFire   + . .      SeeInvis +   Y - +0 hand axe
rCold   . . .      Faith    .   i - +0 buckler
rNeg    . . .      Spirit   .   h - +0 plate armour
rPois   .          Reflect  .   (helmet unavailable)
rElec   .          Harm     .   (no cloak)
rCorr   .          Rampage  .   f - +0 pair of gloves
Will    .....                   (no boots)
Stlth   ..........              (no amulet)
HPRegen 0.15/turn               (no ring)
MPRegen 0.10/turn               (no ring)

@: fiery-armoured
A: permanent stasis, dig shafts and tunnels, antennae 3, four strong arms
a: Dig, Shaft Self, Renounce Religion, Fiery Armour, Foxfire Swarm, Rising Flame


You were on level 4 of the Dungeon.
You worshipped Ignis.
Ignis was extremely pleased with you.
You visited 1 branch of the dungeon, and saw 4 of its levels.

You collected 109 gold pieces.
You spent 46 gold pieces at shops.


Innate Abilities, Weirdness & Mutations

You cannot be hasted, slowed, berserked, paralysed or teleported.
You can dig through walls and to a lower floor.
You have a pair of large antennae on your head. (SInv)
Your four strong arms can wield two-handed weapons with a shield.


   Skills:
 - Level 3.2 Fighting
 + Level 5.6 Axes
 - Level 3.1 Armour
 - Level 1.0 Dodging
 - Level 2.2 Shields
 - Level 1.1 Spellcasting
 - Level 3.0 Fire Magic


You had 7 spell levels left.
You didn't know any spells.
Your spell library contained the following spells:

 Spells                   Type           Power      Damage    Failure   Level
 Scorch                   Fire           18%        2d5       99%         2

Inventory:

Hand Weapons
 e - a +0 whip
 Y - a +0 hand axe (weapon)
Armour
 f - a +0 pair of gloves (worn)
 h - a +0 plate armour (worn)
 i - a +0 buckler (worn)
Wands
 j - a wand of digging (7)
Potions
 a - a potion of degeneration {unknown}
 b - a potion of lignification {unknown}
 c - a potion of invisibility {unknown}
 d - a potion of curing {unknown}
 g - a potion of heal wounds {unknown}
 n - a potion of mutation {unknown}
 o - a potion of resistance {unknown}

Dungeon Overview and Level Annotations

Branches:
Dungeon (4/15)
 Temple: D:4-7

Altars:

Shops:
D:1 [   D:3 *

Annotations:
D:4 Edmund


Message History

You slash Edmund!
Edmund is moderately wounded.
Edmund barely misses you.
You hit Edmund but do no damage.
Edmund is moderately wounded.
Edmund hits you but does no damage.
You hit Edmund but do no damage.
Edmund is moderately wounded.
Edmund says, "I'm quite good with sums, too."
Edmund closely misses you.
You hit Edmund.
Edmund is heavily wounded.
Edmund completely misses you.
You hit Edmund but do no damage.
Edmund is heavily wounded.
Edmund hits you but does no damage.
You closely miss Edmund.
Edmund is heavily wounded.
Edmund hits you but does no damage.
Edmund is burned by your cloak of flames.
Edmund is heavily wounded.
You hit Edmund.
Edmund is heavily wounded.
Edmund hits you but does no damage.
You hit Edmund but do no damage.
Edmund is heavily wounded.
Edmund hits you but does no damage.
You barely miss Edmund.
Edmund is heavily wounded.
Edmund completely misses you.
You barely miss Edmund.
Edmund is heavily wounded.
Edmund hits you with a +0 dire flail of protection.
You hit Edmund but do no damage.
Edmund is heavily wounded.
Edmund hits you with a +0 dire flail of protection!
You hit Edmund.
Edmund is heavily wounded.
Edmund hits you with a +0 dire flail of protection!
You die...

#........#.# .<..
#........... #...
#..........# #...
#.#......### #...
#.##..#### #... #.#...#
## ####...######.#.#<# #.
.......@......#.#.#####<
...PP$.@................
...ยค~..%......#......##.
##.~~..#############. #.
#..... ## #.#... { #.
#..... #. ###... .. #...
. .


You could see Edmund.

Vanquished Creatures
  A hound (D:4)
  An iguana (D:4)
  Terence (D:2)
  2 orc wizards (D:3)
  3 gnolls (D:3)
  3 adders
  3 ufetubi (D:4)
  3 worms
  A dart slug (D:1)
  4 orcs (D:3)
  11 endoplasms
  3 giant cockroaches (D:2)
  6 goblins
  3 hobgoblins
  3 jackals (D:1)
  6 quokkas
  7 ball pythons
  3 bats (D:1)
  2 frilled lizards
  4 kobolds
  7 rats
77 creatures vanquished.

Vanquished Creatures (others)
  3 demonic plants (D:4)
3 creatures vanquished.

Grand Total: 80 creatures vanquished

Notes
Turn   | Place    | Note
-------+----------+-------------------------------------------
     0 | D:1      | qw the Formicid Cinder Acolyte began the quest for the Orb.
     0 | D:1      | Reached XP level 1. HP: 18/18 MP: 2/2
     0 | D:1      | 0 ||| qw: Version: 0.1-a-103-gd6f5d3a
     0 | D:1      | 0 ||| qw: Game counter: 5428
     0 | D:1      | 0 ||| qw: Always use a shield: true
     0 | D:1      | 0 ||| qw: God list: Okawaru
     0 | D:1      | 0 ||| qw: Allow faded altars: false
     0 | D:1      | 0 ||| qw: Do Orc after D:15 true
     0 | D:1      | 0 ||| qw: Do second Lair branch before Depths: true
     0 | D:1      | 0 ||| qw: Lair rune preference: random
     0 | D:1      | 0 ||| qw: Plans: Normal
     0 | D:1      | 0 ||| PLANNING D:1-11
   120 | D:1      | 120 ||| Stepping ~*~*~tactically~*~*~ (hiding).
   122 | D:1      | 122 ||| Stepping ~*~*~tactically~*~*~ (hiding).
   226 | D:1      | Reached XP level 2. HP: 18/24 MP: 3/3
   377 | D:1      | Found Janot's Antique Armour Emporium.
   384 | D:1      | 384 ||| SHOPLISTING chain mail (67 gold, have 11).
   384 | D:1      | 384 ||| SHOPLISTING glowing ring mail (105 gold, have 11).
   384 | D:1      | 384 ||| SHOPLISTING leather armour (30 gold, have 11).
   384 | D:1      | 384 ||| SHOPLISTING pair of boots (67 gold, have 11).
   384 | D:1      | 384 ||| SHOPLISTING quicksilver dragon scales (900 gold,
                  | have 11).
   384 | D:1      | 384 ||| SHOPLISTING ring mail (60 gold, have 11).
   384 | D:1      | 384 ||| SHOPLISTING scale mail (60 gold, have 11).
   384 | D:1      | 384 ||| SHOPLISTING shimmering robe (85 gold, have 11).
   749 | D:1      | 749 ||| Stepping ~*~*~tactically~*~*~ (stealth).
   770 | D:1      | Reached skill level 4 in Axes
   770 | D:1      | Reached XP level 3. HP: 26/29 MP: 4/4
   773 | D:1      | 773 ||| Stepping ~*~*~tactically~*~*~ (stealth).
   774 | D:1      | 774 ||| Stepping ~*~*~tactically~*~*~ (stealth).
   970 | D:1      | Found a faded altar of an unknown god.
  1248 | D:1      | Reached skill level 1 in Dodging
  1571 | D:1      | 1571 ||| UPGRADING to +0 leather armour.
  1581 | D:1      | 1581 ||| DROPPING +0 robe.
  1582 | D:1      | 1582 ||| UPGRADING to +0 ring mail.
  1592 | D:1      | 1592 ||| DROPPING +0 leather armour.
  1593 | D:1      | 1593 ||| UPGRADING to +0 plate armour.
  1603 | D:1      | 1603 ||| DROPPING +0 ring mail.
  1604 | D:1      | 1604 ||| READING scroll labelled KEH USUUNG.
  1605 | D:1      | 1605 ||| READING scroll labelled OCEPIR NUGAS.
  1606 | D:1      | 1606 ||| Stepping randomly (stuck).
  1607 | D:1      | 1607 ||| Stepping ~*~*~tactically~*~*~ (cloud).
  1612 | D:1      | HP: 7/29 [poisoned by you (poison gas)]
  2028 | D:2      | Reached skill level 1 in Armour
  2128 | D:2      | Reached XP level 4. HP: 35/35 MP: 5/5
  2198 | D:2      | Noticed Terence
  2199 | D:2      | 2199 ||| Stepping ~*~*~tactically~*~*~ (hiding).
  2208 | D:2      | 2208 ||| INVOKING Fiery Armour.
  2209 | D:2      | HP: 7/35 [Terence/+7 trident of freezing (4)]
  2212 | D:2      | Killed Terence
  2832 | D:2      | Reached XP level 5. HP: 40/41 MP: 6/6
  3001 | D:2      | 3001 ||| READING 2 scrolls labelled FEES ITTOINIPA.
  3002 | D:2      | 3002 ||| READING scroll labelled DULOAF ECEWNIB.
  3003 | D:2      | 3003 ||| DROPPING scroll of summoning.
  3053 | D:3      | 3053 ||| Stepping ~*~*~tactically~*~*~ (stealth).
  3055 | D:3      | 3055 ||| Stepping ~*~*~tactically~*~*~ (hiding).
  3087 | D:3      | 3087 ||| FLEEEEING.
  3093 | D:3      | 3093 ||| STAIRDANCE
  3169 | D:3      | Found Ojixej's Assorted Antiques.
  3176 | D:3      | 3176 ||| BUYING clear potion (23 gold).
  3176 | D:3      | Bought a clear potion for 23 gold pieces
  3176 | D:3      | 3176 ||| BUYING inky potion (23 gold).
  3176 | D:3      | Bought an inky potion for 23 gold pieces
  3176 | D:3      | 3176 ||| SHOPLISTING pair of faintly humming boots (247
                  | gold, have 46).
  3468 | D:3      | 3468 ||| Stepping ~*~*~tactically~*~*~ (stealth).
  3573 | D:3      | 3573 ||| Stepping ~*~*~tactically~*~*~ (stealth).
  3575 | D:3      | 3575 ||| Stepping ~*~*~tactically~*~*~ (hiding).
  3576 | D:3      | 3576 ||| Stepping ~*~*~tactically~*~*~ (hiding).
  3588 | D:3      | Reached skill level 5 in Axes
  3620 | D:3      | 3620 ||| Stepping ~*~*~tactically~*~*~ (stealth).
  3622 | D:3      | 3622 ||| Stepping ~*~*~tactically~*~*~ (hiding).
  3640 | D:3      | Reached XP level 6. HP: 46/47 MP: 7/7
  3996 | D:3      | 3996 ||| UPGRADING to +0 pair of gloves.
  4001 | D:3      | 4001 ||| UPGRADING to +0 buckler.
  4006 | D:3      | 4006 ||| READING 3 scrolls labelled VYUSUS EJOPARPH.
  4007 | D:3      | 4007 ||| READING 2 scrolls of brand weapon.
  4007 | D:3      | 4007 ||| BRANDING -1 hand axe of freezing.
  4008 | D:3      | 4008 ||| READING scroll of brand weapon.
  4008 | D:3      | 4008 ||| BRANDING -1 hand axe of protection.
  4056 | D:3      | 4056 ||| SWAPPING to +0 hand axe.
  4057 | D:3      | 4057 ||| DROPPING -1 vorpal hand axe.
  4058 | D:3      | 4058 ||| READING scroll labelled ZENKAKK XOSMIRGHAE.
  4059 | D:3      | 4059 ||| READING scroll labelled XEABOI TIOD.
  4060 | D:3      | 4060 ||| READING scroll labelled XEBAAT WEIKUDA.
  4132 | D:4      | Reached skill level 1 in Shields
  4265 | D:4      | Noticed Edmund
  4277 | D:4      | 4277 ||| INVOKING Fiery Armour.
  4281 | D:4      | Reached skill level 3 in Armour
  4292 | D:4      | HP: 5/47 [Edmund/+0 dire flail of protection (7)]
  4293 | D:4      | Slain by Edmund

Levels and vault maps discovered:
D:1:      onia_arrival_pyramid, layout_loops_corners,
          hellmonk_ecumenical_altar_dog_temple, serial_shops,
          nicolae_shop_crystal, minmay_tiny_reverse_x
D:2:      layout_basic, uniq_terence
D:3:      layout_basic, serial_shops, nicolae_square_shop
D:4:      layout_loops_cross, serial_demonic, serial_demonic_g,
          serial_demonic_c, serial_demonic_c, serial_demonic_f,
          serial_demonic_b, serial_demonic_e, serial_demonic_e,
          serial_demonic_b, serial_demonic_g, serial_demonic_a, st_stairs_13,
          uniq_edmund, uniq_menkaure

Skill      XL: |  1  2  3  4  5  6 |
---------------+-------------------+-----
Axes           | 4 5 |  5.6
Dodging        | 1 |  1.0
Armour         | 1 2 3 |  3.1
Shields        | 2 |  2.2
Fighting       | |  3.2
Spellcasting   | |  1.1
Fire Magic     | |  3.0

Action                   |  1- 3 |  4- 6 || total
-------------------------+-------+-------++-------
Melee: Hand axe          |    96 |   212 ||   308
Invok: Fiery Armour      |       |     2 ||     2
  Use: Scroll            |     2 |     8 ||    10
 Stab: Distracted        |       |     1 ||     1
Armor: Robe              |    12 |       ||    12
       Plate armour      |    11 |   124 ||   135
Dodge: Dodged            |    34 |    53 ||    87
Block: Buckler           |       |     8 ||     8

Table legend:
 A = Non-vault XP
 B = Vault XP
 C = Vault XP percentage of total XP
 D = Non-vault monster count
 E = Vault monster count
 F = Vault count percentage of total count
                 A         B        C        D         E       F
            +---------+---------+-------+---------+---------+-------
      Total |     350 |      68 |  16.3 |      68 |       9 |  11.7
            +---------+---------+-------+---------+---------+-------
        D:1 |      39 |       8 |  17.0 |      23 |       5 |  17.9
        D:2 |      57 |      36 |  38.7 |      20 |       1 |   4.8
        D:3 |     160 |       0 |   0.0 |      18 |       0 |   0.0
        D:4 |      94 |      24 |  20.3 |       7 |       3 |  30.0
            +---------+---------+-------+---------+---------+-------
